[Event "*** Titled Tuesday Blitz"]
[Site "Chess.com"]
[Date "2019.03.05"]
[Round "5"]
[White "chessmaxusa"]
[Black "Bryakin_Mikhail"]
[Result "1/2-1/2"]
[WhiteElo "2523"]
[BlackElo "2648"]
[TimeControl "180+2"]
[EndTime "14:16:17 PST"]
[Termination "Game drawn - insufficient material"]

1. d4 e6 2. Nf3 f5 3. Bf4 Nf6 4. e3 b6 5. h3 Bb7 6. Be2 Bd6 7. Ne5 O-O 8. O-O Nc6 9. Nd2 Ne7 10. Ndc4 Ned5 11.
Bh2 Be7 12. c3 Ne4 13. a4 a5 14. Nd2 d6 15. Nec4 Qd7 16. Nxe4 fxe4 17. Nd2 Nf6 18. f3 exf3 19. Bxf3 Bxf3 20. Qxf3 Nd5 21. Qe2 Rxf1+ 22. Nxf1 Rf8 23. e4 Nf4 24. Qg4 Nd3 25. Qe2 Nf2 26. Bg3 Nxh3+ 27. gxh3 e5 28. Kg2 exd4 29.
cxd4 Bf6 30. b3 Kh8 31. Rd1 Qf7 32. Rd3 Re8 33. Qf3 Qe6 34. e5 dxe5 35. dxe5 Be7 36. Qd5 Qg6 37. Rf3 Bc5 38. Qd3 Qc6 39. Kh2 h6 40.
Nd2 Be7 41. Nc4 Rd8 42. Qe2 Qe6 43. Kg2 Bc5 44. Qe4 Rd4 45. Qf5 Qe7 46. Qf7 Qg5 47.
h4 Qg4 48. h5 Re4 49. Qe8+ Kh7 50. Qg6+ Qxg6 51. hxg6+ Kxg6 52. Bf2 Be7 53. Rg3+ Kf7 54. Kf3 Rh4 55. Be3 Rh5 56. Ke4 Rh2 57. Kd5 g5 58. Rf3+ Kg6 59. Kc6 g4 60. Rf1 h5 61.
Kd7 Bb4 62. e6 h4 63. Ne5+ Kh7 64. Nxg4 Rb2 65. Nf6+ Kg6 66. Nd5 Ba3 67. e7 Bxe7 68.
Nxe7+ Kh5 69. Ke6 Rxb3 70. Bf4 Rb4 71. Bxc7 Rxa4 72. Be5 Kg4 73. Rg1+ Kf3 74. Rb1 h3 75. Rxb6 Ra2 76. Rb3+ Ke4 77. Bd6 h2 78. Rb1 Kf3 79.
Rh1 Re2+ 80. Kd7 a4 81. Rxh2 Rxh2 82. Bxh2 Ke4 83. Nc6 a3 84. Be5 a2 85. Ba1 Kd5 86. Kc7 Kc5 87. Ne7 Kb5 88. Kd7 Kc4 89. Ke6 Kb3 90.
Nd5 Kc2 91. Nb4+ Kb1 92. Bd4 a1=Q 93. Bxa1 Kxa1 1/2-1/2

[Event "*** Titled Tuesday Blitz"]
[Site "Chess.com"]
[Date "2019.03.05"]
[Round "5"]
[White "LawrenceTrent"]
[Black "Cryptochess"]
[Result "1-0"]
[WhiteElo "2532"]
[BlackElo "2533"]
[TimeControl "180+2"]
[EndTime "14:16:17 PST"]
[Termination "LawrenceTrent won by resignation"]

1. Nc3 e5 2. Nf3 Nc6 3. d4 exd4 4. Nxd4 Nf6 5. Bg5 Be7 6. Nf5 O-O 7. e3 Bb4 8. Qf3 d5 9. Nh6+ Kh8 10. Bd3 Ne5 11.
Qf4 Bxc3+ 12. bxc3 Ng6 13. Qf3 Ne5 14. Qf4 Ng6 15.
Bxf6 Qxf6 16. Qxf6 gxf6 17. f4 Re8 18. Kf2 Kg7 19.
Nf5+ Bxf5 20. Bxf5 Ne7 21. Bd3 Nc8 22. c4 dxc4 23.
Bxc4 Nd6 24. Bd3 c5 25. Rad1 Rad8 26. Kf3 c4 27. Be2 b5 28. Rd5 a6 29. Rhd1 Nb7 30. a4 Rxd5 31. Rxd5 Rd8 32. Rxd8 Nxd8 33. axb5 axb5 34. Ke4 Nc6 35. c3 Na5 36. Bd1 Kf8 37.
Kd5 Nb3 38. Kc6 b4 39. Kb5 bxc3 40. Kxc4 Nd2+ 41. Kxc3 Nf1 42. Kd3 Nxh2 43. Be2 f5 44.
e4 Ng4 45. exf5 Nf6 46. g4 Ke7 47. Ke3 Nd5+ 48. Kf3 Kf6 49. Bd3 Nb4 50. g5+ Ke7 51.
Be4 Na6 52. f6+ Kf8 53. Bxh7 Nc5 54. Bc2 Nd7 55. Kg4 Nc5 56. Bf5 Nb7 57. Kf3 Nd6 58. Bd3 Nb7 59. Kg4 Nc5 60. Bc2 Nd7 61. Kh5 Nc5 62.
Kh6 Nd7 63. Bb1 Kg8 64. Ba2 Kf8 65. Kh7 Nc5 66. Bc4 Ne4 67. Kh6 Nd6 68. Bd5 Nf5+ 69. Kh7 Ne3 70. Be4 Ng4 71. Bf3 Nf2 72. Kh8 Nh3 73. Kh7 Nxf4 74. Kh6 Ne6 75. Bg4 Nf4 76. Bf5 Nd5 77. Kh5 Ne3 78. Be4 Nc4 79. Kg4 Nd6 80.
Bd3 Nb7 81. Kf4 Nc5 82. Bc2 Ne6+ 83. Kg4 Nd4 84. Bd1 Ne6 85. Kf5 Nd4+ 86. Ke5 Ne6 87. g6 Ng5 88. g7+ Kg8 89. Bg4 Nh7 90. Kf5 Nf8 91.
gxf8=Q+ Kxf8 92. Ke5 Kg8 93. Bf5 Kf8 94. Kd6 Ke8 95.
Be4 Kf8 96. Kd7 Kg8 97. Ke7 Kh8 98. Bd5 Kg8 99. Bxf7+ Kh7 100. Be8 Kg8 101. f7+ Kh7 102. Bd7 1-0

[Event "*** Titled Tuesday Blitz"]
[Site "Chess.com"]
[Date "2019.03.05"]
[Round "5"]
[White "dreamist"]
[Black "Alexander_Donchenko"]
[Result "0-1"]
[WhiteElo "2718"]
[BlackElo "2747"]
[TimeControl "180+2"]
[EndTime "14:16:32 PST"]
[Termination "Alexander_Donchenko won by resignation"]

1. c4 c5 2. Nc3 Nc6 3. Nf3 Nf6 4. d4 cxd4 5. Nxd4 e6 6. g3 Qb6 7. Nb3 Ne5 8. e3 Qc6 9. e4 Nxe4 10. Nd4 Qb6 11.
Nxe4 Qxd4 12. Qe2 Bb4+ 13. Bd2 Qxb2 14. Rd1 O-O 15. f4 Bxd2+ 16. Rxd2 Qb1+ 17. Kf2 Ng4+ 18. Kg2 d5 19. Nc3 Qc1 20. Qd3 dxc4 21. Qd4 Bd7 22. Bxc4 Bc6+ 23. Bd5 Bxd5+ 24. Nxd5 Qc6 25. Kh3 exd5 26.
Kxg4 Rad8 27. Re1 a6 28. Kh3 Qc4 29. Re5 Qc8+ 30. Kg2 Rfe8 31. Rg5 g6 32. Rxd5 Rxd5 33. Qxd5 Qc3 34. Rf2 Qc6 35. Qxc6 bxc6 36. Rc2 Rc8 37. Rc5 Kf8 38. Ra5 Ra8 39. Rc5 Rc8 40. Ra5 Ra8 41. Rc5 Rb8 42. Rxc6 Rb2+ 43. Kf3 Rxa2 44. h4 h5 45. f5 Ra3+ 46. Kf4 Ra4+ 47. Ke5 Ra5+ 48.
Ke4 gxf5+ 49. Kf4 Kg7 50. Rb6 f6 51. Rb8 Kh7 52. Ra8 Kg7 53. Rb8 Rb5 54. Ra8 Ra5 55.
Rc8 Rb5 56. Ra8 a5 57. Kf3 Kg6 58. Rg8+ Kf7 59. Ra8 Ke6 60. Ra6+ Ke5 61. Ra8 Rb3+ 62. Kf2 Ra3 63. Re8+ Kd4 64. Rd8+ Kc4 65. Rc8+ Kd4 66. Rd8+ Ke5 67. Re8+ Kd5 68. Rd8+ Ke6 69. Re8+ Kf7 70. Ra8 a4 71. Ra5 Ke6 72. Ra6+ Ke5 73. Ra8 f4 74. Ra5+ Ke4 75. gxf4 f5 76. Kg2 Kxf4 77. Ra8 Kg4 78. Rg8+ Kxh4 79. Kf2 f4 80. Rg1 Rb3 81. Rg8 a3 82.
Ra8 Kg4 83. Rg8+ Kf5 84. Rf8+ Ke4 85. Re8+ Kd4 86. Ra8 h4 87. Ra4+ Ke5 88. Ra5+ Ke4 89. Ra4+ Kf5 90. Ra8 h3 91. Kg1 Kg4 92. Kh2 Rb2+ 93.
Kg1 a2 94. Ra3 Kf5 95. Ra5+ Ke4 96. Ra4+ Kd5 97. Ra5+ Kc4 98. Ra4+ Kb5 0-1

[Event "*** Titled Tuesday Blitz"]
[Site "Chess.com"]
[Date "2019.03.05"]
[Round "5"]
[White "7Madman"]
[Black "ahkashefi2800"]
[Result "1-0"]
[WhiteElo "2539"]
[BlackElo "2251"]
[TimeControl "180+2"]
[EndTime "14:16:39 PST"]
[Termination "7Madman won on time"]

1. e4 c6 2. d4 d5 3. Nd2 dxe4 4.
Nxe4 Nd7 5. Bc4 Ngf6 6. Nxf6+ Nxf6 7. c3 e6 8. Bf4 Bd6 9. Bg3 b5 10. Bd3 Bb7 11. Nf3 Bxg3 12. hxg3 a6 13. Qe2 Qc7 14.
a4 h6 15. Ne5 Nd7 16. Rh5 Nxe5 17. Rxe5 O-O-O 18. axb5 axb5 19. Be4 Kd7 20. Qf3 Ke7 21. Rc5 Rd6 22. Qg4 g6 23. Qf4 h5 24. Qg5+ Kd7 25. Qf6 Rf8 26. Qg7 Ke8 27. Bxg6 Rd5 28. Rxd5 cxd5 29. Bxh5 b4 30. Rc1 Ba6 31. Qf6 Qc6 32. Qe5 Kd7 33. Be2 Bxe2 34. Qxe2 bxc3 35. Rxc3 Qb6 36.
Qc2 Rh8 37. Qa4+ Ke7 38. Qa3+ Kf6 39. Rf3+ Kg7 40. Qc3 Rh1+ 41. Kd2 Qb5 42. Rd3 Rf1 43. Ke2 Rb1 44. Kf3 Rxb2 45. Kg4 Rb1 46. Rf3 Qe2 47.
Qe3 Qxe3 48. fxe3 f5+ 49. Kf4 Kg6 50. Ke5 Rb6 51. g4 fxg4 52. Rf6+ Kg5 53. Rxe6 Rxe6+ 54. Kxe6 Kh4 55. Kxd5 Kg3 56. e4 Kxg2 57. e5 Kf2 58. e6 g3 59. e7 g2 60. e8=Q g1=Q 61. Qe5 Qg8+ 62. Kc5 Qc8+ 63. Kd6 Qb8+ 64. Ke6 Qe8+ 65. Kf5 Qf7+ 66. Qf6 Qd5+ 67. Kg6+ Ke3 68. Qe5+ Qe4+ 69.
Kf6 Kd3 70. d5 Qh4+ 71. Ke6 Qh6+ 72. Qf6 Qe3+ 73. Kd7 Qa7+ 74. Ke6 Qe3+ 75. Qe5 Qh6+ 76. Kd7 Kc4 77. d6 Kb4 78. Kc7 Qc1+ 79. Kd8 Qc6 80.
d7 Qb6+ 81. Ke8 Qg6+ 82. Ke7 Qh7+ 83. Kd6 Qg6+ 84. Qe6 Qd3+ 85. Qd5 Qg6+ 86. Kc7 Qg7 87. Kc8 Qg4 88. Kb7 Qg7 89. Ka8 Qa1+ 90. Kb8 Qe5+ 91.
Qxe5 1-0

[Event "*** Titled Tuesday Blitz"]
[Site "Chess.com"]
[Date "2019.03.05"]
[Round "5"]
[White "zeitnot2006"]
[Black "Amirreza_p"]
[Result "1/2-1/2"]
[WhiteElo "2145"]
[BlackElo "2800"]
[TimeControl "180+2"]
[EndTime "14:16:44 PST"]
[Termination "Game drawn by repetition"]

1. d4 e6 2. c4 Nf6 3. g3 c5 4. d5 exd5 5. cxd5 d6 6. Nc3 g6 7.
Nf3 Bg7 8. Bg2 O-O 9. O-O Re8 10. Bf4 a6 11. a4 h6 12. Qc1 g5 13. Bd2 Nbd7 14. h4 g4 15. Ne1 h5 16. Nd3 Ne5 17.
Nxe5 Rxe5 18. e4 Re8 19. Bg5 Qb6 20. Bh6 Nh7 21. Bxg7 Kxg7 22. f4 gxf3 23. Bxf3 Re5 24. Kh2 Bd7 25. Rb1 Rg8 26. Qf4 f6 27. b3 Qb4 28. Ne2 Kh8 29. Qh6 Be8 30. Rfd1 Rg6 31. Qf4 Kg7 32. Nc1 Qb6 33. Nd3 Re7 34. Bxh5 Rh6 35.
Bxe8 Rxe8 36. Nb2 Rd8 37. Nc4 Qc7 38. a5 Rg6 39. Rf1 Qe7 40. Rf3 Nf8 41. Rbf1 Nh7 42. g4 Kh8 43. Rh3 Qd7 44. Rg3 Qe7 45. Rff3 Rg7 46.
Kg2 Qd7 47. Kh2 Qe7 48. Kg2 Kg8 49. Kh2 Qf8 50. Kg2 Qe7 51. Kh2 Kf8 52. Qe3 Ke8 53. Qf4 Kd7 54. Qf5+ Kc7 55. Kg2 Rdg8 56. Kf2 Rg6 57. Ke2 Nf8 58. Kd3 Nd7 59. Qf4 R6g7 60. Kc2 Ne5 61. Nxe5 fxe5 62. Qf6 Qxf6 63. Rxf6 Rxg4 64.
Rf7+ Kc8 65. Rxg4 Rxg4 66. h5 Rh4 67. Rh7 Rxe4 68. h6 Rh4 69. Rh8+ Kc7 70. h7 Rh3 71. Kb2 Rh2+ 72. Kc3 e4 73. Re8 Rxh7 74. Rxe4 Rf7 75. Rg4 b5 76. axb6+ Kxb6 77. Rg6 Rf3+ 78. Kc4 Rf4+ 79.
Kc3 Kc7 80. Rg7+ Kc8 81. Rg8+ Kb7 82. Rg7+ Kb6 83. Rg6 Kb5 84. Rxd6 Rf3+ 85. Kc2 a5 86. Rd8 Kb4 87. Rb8+ Ka3 88. Rb5 Rf2+ 89. Kc3 a4 90. bxa4 Kxa4 91. Rxc5 Rf1 92. Kd4 Kb4 93. Rc6 Kb5 94.
Ke5 Rh1 95. Kd6 Rh6+ 96. Kc7 Rh7+ 97. Kd6 Rh6+ 98. Kc7 Rh7+ 99. Kd6 Rh6+ 100. Kd7 Rh7+ 101. Kd6 Rh6+ 1/2-1/2

[Event "*** Titled Tuesday Blitz"]
[Site "Chess.com"]
[Date "2019.03.05"]
[Round "5"]
[White "chessking2151"]
[Black "eljanov"]
[Result "1/2-1/2"]
[WhiteElo "2605"]
[BlackElo "2762"]
[TimeControl "180+2"]
[EndTime "14:17:10 PST"]
[Termination "Game drawn by repetition"]

1. e4 c6 2. d4 d5 3. e5 Bf5 4. Nf3 e6 5. Be2 Ne7 6. c3 Nd7 7. O-O h6 8. a4 a6 9. b4 a5 10. Na3 Nc8 11. Bd2 Be7 12. Nc2 Ncb6 13. Ne3 Be4 14. Qb3 O-O 15. Ne1 Qc7 16. f3 Bh7 17.
Nd3 Rfd8 18. Rfc1 Ra7 19. Nc5 Rda8 20. Bd1 Nxc5 21. bxc5 Nd7 22. Bc2 Bxc2 23. Qxc2 b6 24. cxb6 Nxb6 25. Rab1 c5 26. Qb3 Nd7 27. Qa2 Rb7 28.
Rxb7 Qxb7 29. Rb1 Qc7 30. Rb5 c4 31. g3 Rb8 32. Qb2 Rb6 33. Kf2 Qb7 34. Rxb6 Qxb6 35.
Qa2 Qb3 36. Qa1 Nb6 37. Ke2 Nxa4 38. f4 Qa3 39. Qxa3 Bxa3 40. Kd1 Nb2+ 41. Kc2 Nd3 42. Nd1 a4 43. Ne3 g6 44. Ng2 h5 45.
Nh4 Be7 46. Nf3 Kf8 47. Bc1 Ke8 48. Bd2 Kd7 49. Kb1 Kc6 50. Be3 Kb5 51. Kc2 a3 52.
Kb1 Ka4 53. Ka2 Nb2 54. Bc1 Nd1 55. Bd2 Nf2 56. Be1 Ne4 57. Ng1 Bd8 58. Ne2 Ba5 59. h3 Bb6 60. Nc1 Bd8 61. Ne2 Ba5 62. g4 hxg4 63. hxg4 Bd8 64. Nc1 Bc7 65. Kb1 Ba5 66.
Ne2 Kb3 67. Nc1+ Ka4 68. Ne2 Bd8 69. Ka2 Be7 70. Kb1 f6 71. exf6 Bxf6 72. g5 Be7 73.
Ka2 Bd6 74. Kb1 Bc7 75. Ka2 Nd6 76. Nc1 Nb5 77. Ne2 Bd6 78. Bd2 Bc7 79. Be1 Nd6 80.
Nc1 Nb7 81. Ne2 Na5 82. Bd2 Nb3 83. Be1 Bd6 84. Kb1 Na5 85. Ka2 Nc6 86. Kb1 Na7 87. Bd2 Nb5 88. Ka2 Nc7 89. Nc1 Ne8 90. Ne2 Ng7 91. Kb1 Nf5 92. Be1 Ne3 93. Ka2 Ng2 94. Bd2 Bc7 95. Kb1 Bd6 96. Ka2 Nh4 97. Kb1 Nf5 98. Ka2 Be7 99. Be1 Nd6 100. Bd2 Ne4 101. Be1 Bd6 102. Kb1 Be7 103. Ka2 1/2-1/2

[Event "*** Titled Tuesday Blitz"]
[Site "Chess.com"]
[Date "2019.03.05"]
[Round "6"]
[White "MFguimaraes"]
[Black "monalize"]
[Result "0-1"]
[WhiteElo "2303"]
[BlackElo "2311"]
[TimeControl "180+2"]
[EndTime "14:20:35 PST"]
[Termination "monalize won by resignation"]

1. e4 c5 2. Nf3 d6 3. d4 cxd4 4. Nxd4 Nf6 5. Nc3 a6 6. Bg5 e6 7. f4 b5 8. e5 dxe5 9. fxe5 Qc7 10. Qe2 Nfd7 11. Nf3 Bb7 12. O-O-O Nc6 13. Bf4 Rc8 14. Rd2 Bb4 15. Rd3 Na5 16. Ne4 Bxe4 17. Rxd7 Qxc2+ 18. Qxc2 Rxc2+ 19. Kd1 Kxd7 20. Ng5 Bg6 0-1

[Event "*** Titled Tuesday Blitz"]
[Site "Chess.com"]
[Date "2019.03.05"]
[Round "6"]
[White "GataKamsky1974"]
[Black "Alexander_Donchenko"]
[Result "1-0"]
[WhiteElo "2843"]
[BlackElo "2741"]
[TimeControl "180+2"]
[EndTime "14:20:36 PST"]
[Termination "GataKamsky1974 won by resignation"]

1. e4 c6 2. d4 d5 3. exd5 cxd5 4.
c3 Nc6 5. Bd3 Qc7 6. Ne2 Bg4 7.
O-O e6 8. Qe1 Bh5 9. Nf4 Bg6 10.
Nxd5 Qd8 11. Nf4 Nf6 12. Nd2 Bd6 13. Nxg6 hxg6 14. Nf3 Qc7 15. g3 O-O-O 16. b4 Rh3 17. Ng5 Rh5 18. b5 Ne7 19. Nxf7 Rd7 20. Qxe6 Kb8 21.
Nxd6 Rxd6 22. Qxd6 1-0

[Event "*** Titled Tuesday Blitz"]
[Site "Chess.com"]
[Date "2019.03.05"]
[Round "6"]
[White "NateSolon"]
[Black "shrek4life02"]
[Result "0-1"]
[WhiteElo "2544"]
[BlackElo "2405"]
[TimeControl "180+2"]
[EndTime "14:20:59 PST"]
[Termination "shrek4life02 won by resignation"]

1. d4 Nf6 2. Nf3 g6 3. g3 Bg7 4. Bg2 O-O 5. O-O d5 6. c4 c6 7. Qb3 Qb6 8. Nc3 Be6 9. c5 Qxb3 10. axb3 Nbd7 11. b4 a6 12. h3 Ne4 13. Nxe4 dxe4 14. Ng5 Bc4 15. Be3 f5 16. Rfe1 h6 17. Nxe4 fxe4 18.
Bxe4 Kh7 19. Bf4 Nf6 20. Bc2 Nd5 0-1

[Event "*** Titled Tuesday Blitz"]
[Site "Chess.com"]
[Date "2019.03.05"]
[Round "6"]
[White "GrigorGrigorov"]
[Black "fmshawnrl123"]
[Result "1-0"]
[WhiteElo "2831"]
[BlackElo "2599"]
[TimeControl "180+2"]
[EndTime "14:21:04 PST"]
[Termination "GrigorGrigorov won by resignation"]

1. Nf3 Nf6 2. g3 e6 3. Bg2 b6 4. d4 Bb7 5. O-O Be7 6. c4 O-O 7. Nc3 Ne4 8. Bd2 f5 9. Ne5 Nxc3 10. Bxc3 Bxg2 11. Kxg2 d6 12. Nd3 Bf6 13. e3 g5 14. f4 g4 15. Rh1 Nd7 16. h3 h5 17.
hxg4 hxg4 18. Qe2 Kg7 19. e4 Qe8 20. e5 dxe5 21. fxe5 Bg5 22. Bd2 Qg6 23. Bxg5 Qxg5 24.
Nf4 Rae8 25. Rh5 Qe7 26. Rah1 1-0

[Event "*** Titled Tuesday Blitz"]
[Site "Chess.com"]
[Date "2019.03.05"]
[Round "6"]
[White "MatthewG-p4p"]
[Black "Kimster98"]
[Result "1/2-1/2"]
[WhiteElo "2665"]
[BlackElo "2615"]
[TimeControl "180+2"]
[EndTime "14:21:08 PST"]
[Termination "Game drawn by agreement"]

1. c4 Nf6 2. Nc3 e6 3. e4 d5 4. e5 d4 5. exf6 dxc3 6. bxc3 Qxf6 7. Nf3 e5 8. d4 exd4 9. cxd4 Bb4+ 10. Bd2 Bxd2+ 11.
Qxd2 O-O 12. Be2 c5 13. O-O cxd4 14. Qxd4 Qxd4 15. Nxd4 Nc6 16. Nxc6 bxc6 17. Bf3 Be6 18. Bxc6 Rac8 19. Bd5 Bxd5 20. cxd5 Rfd8 21. Rfd1 Rc5 22. Rab1 g6 23. d6 Rc6 24. g3 Rcxd6 25. Rxd6 Rxd6 26.
Rb7 1/2-1/2

[Event "*** Titled Tuesday Blitz"]
[Site "Chess.com"]
[Date "2019.03.05"]
[Round "6"]
[White "Sanan_Sjugirov"]
[Black "Vamostodorecto"]
[Result "1-0"]
[WhiteElo "2891"]
[BlackElo "2533"]
[TimeControl "180+2"]
[EndTime "14:21:09 PST"]
[Termination "Sanan_Sjugirov won by checkmate"]

1. d4 Nf6 2. c4 g6 3. Nc3 d5 4.
cxd5 Nxd5 5. e4 Nxc3 6. bxc3 Bg7 7. Bc4 c5 8. Ne2 O-O 9. O-O Nc6 10. Be3 Na5 11. Bd3 b6 12. Qd2 e5 13. Bh6 cxd4 14. cxd4 exd4 15. Bxg7 Kxg7 16. Rac1 Nb7 17. Bc4 Nc5 18.
Bd5 d3 19. Nf4 Ba6 20. Bxa8 Qxa8 21. Nd5 Nxe4 22. Qb2+ Kg8 23. Ne7# 1-0

[Event "*** Titled Tuesday Blitz"]
[Site "Chess.com"]
[Date "2019.03.05"]
[Round "6"]
[White "LarissaSteenbekkers"]
[Black "aa175"]
[Result "1-0"]
[WhiteElo "1998"]
[BlackElo "1842"]
[TimeControl "180+2"]
[EndTime "14:21:20 PST"]
[Termination "LarissaSteenbekkers won by checkmate"]

1. e4 e5 2. Nf3 f5 3. d3 Nc6 4. Nc3 Nf6 5. Bg5 Bc5 6. Be2 h6 7. Bxf6 Qxf6 8. Nd5 Qd8 9. exf5 d6 10. g4 O-O 11. Qd2 h5 12. h3 g6 13. Qh6 gxf5 14.
Qg6+ Kh8 15. Qxh5+ Kg7 16. gxf5 Rg8 17. Rg1+ Kf8 18.
Qh6+ Kf7 19. Ng5+ Rxg5 20. Rxg5 Qf8 21. Bh5# 1-0

[Event "*** Titled Tuesday Blitz"]
[Site "Chess.com"]
[Date "2019.03.05"]
[Round "6"]
[White "bluejay1897"]
[Black "Svet99"]
[Result "1-0"]
[WhiteElo "2151"]
[BlackElo "2132"]
[TimeControl "180+2"]
[EndTime "14:21:22 PST"]
[Termination "bluejay1897 won by checkmate"]

1. Nf3 d5 2. g3 c6 3. Bg2 Bf5 4. O-O Nf6 5. b3 Nbd7 6. Bb2 e6 7. Nh4 Bg6 8. c4 Be7 9. d4 O-O 10. Nd2 a5 11. a3 a4 12. b4 dxc4 13. Nxg6 hxg6 14.
Nxc4 Nd5 15. e4 N5f6 16. Qc2 Nb6 17. Rad1 Nxc4 18. Qxc4 Qb6 19. h4 Rfd8 20. Bf3 Rd7 21. Kg2 Rad8 22. Rh1 Ne8 23. h5 g5 24. h6 Nd6 25.
Qc2 Nb5 26. hxg7 Nxd4 27. Bxd4 Rxd4 28. e5 f5 29. exf6 Bxf6 30. Qh7+ Kf7 31. g8=Q# 1-0

[Event "*** Titled Tuesday Blitz"]
[Site "Chess.com"]
[Date "2019.03.05"]
[Round "6"]
[White "Alexander_Moskalenko"]
[Black "Micki-taryan"]
[Result "1/2-1/2"]
[WhiteElo "2762"]
[BlackElo "2952"]
[TimeControl "180+2"]
[EndTime "14:21:54 PST"]
[Termination "Game drawn by repetition"]

1. c4 Nf6 2. Nc3 e5 3. Nf3 Nc6 4. e3 Bb4 5. Qc2 O-O 6. Nd5 Re8 7. Qf5 d6 8. Nxf6+ Qxf6 9. Qxf6 gxf6 10. a3 Bc5 11. b4 Bb6 12. Bb2 a5 13. b5 Nd8 14.
Be2 a4 15. O-O Bg4 16. h3 Bh5 17. d3 Ne6 18. Rfe1 f5 19. Nh4 Bxe2 20. Rxe2 f4 21. Nf5 f6 22. Kh2 Kf7 23. g3 Kg6 24. Nh4+ Kf7 25.
Nf5 Kg6 26. Nh4+ Kf7 27. Nf5 Kg6 28. Nh4+ Kf7 29. Nf5 Kg6 30. Nh4+ Kf7 31. Nf5 1/2-1/2

[Event "*** Titled Tuesday Blitz"]
[Site "Chess.com"]
[Date "2019.03.05"]
[Round "6"]
[White "GeorgMeier"]
[Black "alpasya2009"]
[Result "1-0"]
[WhiteElo "2844"]
[BlackElo "2553"]
[TimeControl "180+2"]
[EndTime "14:22:08 PST"]
[Termination "GeorgMeier won by resignation"]

1. Nf3 Nf6 2. g3 g6 3. Bg2 Bg7 4. d4 O-O 5. O-O d5 6. c4 c6 7. cxd5 cxd5 8. Nc3 Bf5 9. Ne5 Ne4 10. Bf4 Nxc3 11. bxc3 Nc6 12. Nxc6 bxc6 13. Rc1 Rc8 14. c4 Qd7 15. e3 h6 16. h4 Rfd8 17. Qa4 Be4 1-0

[Event "*** Titled Tuesday Blitz"]
[Site "Chess.com"]
[Date "2019.03.05"]
[Round "6"]
[White "TST2014"]
[Black "Swarnapuri"]
[Result "0-1"]
[WhiteElo "2512"]
[BlackElo "2712"]
[TimeControl "180+2"]
[EndTime "14:22:20 PST"]
[Termination "Swarnapuri won on time"]

1. d4 Nc6 2. c4 e5 3. d5 Nce7 4.
e4 Ng6 5. Be3 Nf6 6. Nc3 Bb4 7.
Bd3 O-O 8. Ne2 Ng4 9. Bd2 Bc5 10.
Qc2 Nxf2 11. Rf1 Qh4 12. g3 Qxh2 13. Na4 d6 14. Nxc5 Nxd3+ 15. Nxd3 Bh3 16. Rg1 Bg4 0-1

[Event "*** Titled Tuesday Blitz"]
[Site "Chess.com"]
[Date "2019.03.05"]
[Round "6"]
[White "Vlad_Lukiianchuk"]
[Black "Muguet7"]
[Result "1-0"]
[WhiteElo "2636"]
[BlackElo "2450"]
[TimeControl "180+2"]
[EndTime "14:23:04 PST"]
[Termination "Vlad_Lukiianchuk won by resignation"]

1. d4 Nf6 2. Nf3 e6 3. c4 b6 4.
Nc3 Bb4 5. e3 Bb7 6. Bd3 O-O 7.
Qc2 d5 8. cxd5 exd5 9. Ne5 Nbd7 10. f4 a6 11. Bd2 Bd6 12. g4 Bxe5 13. fxe5 Nxg4 14.
Bxh7+ Kh8 15. h4 c5 16. Bf5 Nh6 17. O-O-O Nxf5 18. Qxf5 Qe7 19. Qh5+ Kg8 20. Rhg1 f6 21. e6 Qxe6 22. Rxg7+ Kxg7 23. Rg1+ 1-0

[Event "*** Titled Tuesday Blitz"]
[Site "Chess.com"]
[Date "2019.03.05"]
[Round "6"]
[White "ENEASZ"]
[Black "jamengrand"]
[Result "1-0"]
[WhiteElo "2373"]
[BlackElo "2166"]
[TimeControl "180+2"]
[EndTime "14:23:05 PST"]
[Termination "ENEASZ won by resignation"]

1. e4 e5 2. Nf3 Nc6 3. Bc4 Nf6 4. d3 Be7 5. O-O d6 6. c3 h6 7. Re1 Be6 8. Bxe6 fxe6 9. d4 O-O 10. Qb3 Qd7 11. dxe5 Nxe5 12. Nxe5 dxe5 13. Qxb7 Bc5 14. h3 Nxe4 15. Qxe4 Bxf2+ 16. Kh2 Bxe1 17. Qxe1 e4 18.
Be3 Qd6+ 19. Kg1 Rab8 20. b3 Qd3 21. Na3 Rbd8 22. Nc4 Rf5 23. Bxa7 c5 24. Ne3 Rg5 25. Rd1 Qxe3+ 26. Qxe3 Rxd1+ 27. Kh2 Re5 28. Bb8 Rd3 29. Qe2 Rf5 30. Qxe4 Rxc3 31. Qxe6+ Rf7 32. Bd6 1-0

[Event "*** Titled Tuesday Blitz"]
[Site "Chess.com"]
[Date "2019.03.05"]
[Round "6"]
[White "SuperCheese"]
[Black "Pechen_Yeltsina"]
[Result "1-0"]
[WhiteElo "2631"]
[BlackElo "2641"]
[TimeControl "180+2"]
[EndTime "14:23:06 PST"]
[Termination "SuperCheese won by resignation"]

1. d4 g6 2. e4 Bg7 3. Nc3 d6 4. Be3 a6 5. f4 b5 6. Nf3 Bb7 7. Bd3 Nd7 8. Qe2 c5 9. dxc5 Nxc5 10.
Bxc5 dxc5 11. e5 Nh6 12. O-O-O Qb6 13. Be4 O-O 14. Rd7 Bxe4 15. Qxe4 Qe6 16. Qd5 Qxd5 17.
Nxd5 e6 18. Ne7+ Kh8 19. Rhd1 Rfe8 20. Ng5 Bf8 21. Nc6 Kg7 22. Rc7 Rac8 23. Nxe6+ Kg8 24. Rxc8 Rxc8 25. Ned8 Ng4 26. Rd7 Bh6 27. g3 g5 28.
Ne7+ 1-0

[Event "*** Titled Tuesday Blitz"]
[Site "Chess.com"]
[Date "2019.03.05"]
[Round "6"]
[White "Romn69"]
[Black "VeraNebolsina"]
[Result "0-1"]
[WhiteElo "2231"]
[BlackElo "2348"]
[TimeControl "180+2"]
[EndTime "14:23:07 PST"]
[Termination "VeraNebolsina won by resignation"]

1. d4 Nf6 2. Nf3 g6 3. c4 Bg7 4. Nc3 d5 5. cxd5 Nxd5 6. Bg5 h6 7. Bh4 c5 8. Rc1 Nxc3 9. bxc3 cxd4 10. cxd4 Qa5+ 11.
Qd2 Qxd2+ 12. Kxd2 Nc6 13. e3 Be6 14. a4 O-O 15. Bb5 g5 16. Bg3 Na5 17. Rc7 a6 18. Bd3 Rfc8 19. Rxe7 b5 20. axb5 axb5 21. Rb1 Nb3+ 22. Ke2 Nc1+ 23. Kd2 Ra2+ 0-1

[Event "*** Titled Tuesday Blitz"]
[Site "Chess.com"]
[Date "2019.03.05"]
[Round "6"]
[White "Ainahia"]
[Black "Tjktiger"]
[Result "0-1"]
[WhiteElo "2608"]
[BlackElo "2796"]
[TimeControl "180+2"]
[EndTime "14:23:22 PST"]
[Termination "Tjktiger won by resignation"]

1. e4 c5 2. Nf3 g6 3. d4 cxd4 4. Nxd4 Bg7 5. c4 Nc6 6. Be3 Qb6 7. Nb3 Qd8 8. Nc3 Bxc3+ 9. bxc3 Nf6 10. f3 d6 11. Be2 O-O 12. O-O b6 13. a4 Qc7 14. a5 bxa5 15. Nd4 Bd7 16. Nb5 Qc8 17. c5 dxc5 18. Bxc5 Re8 19. Qd2 a6 20. Na3 a4 21.
Rad1 Na5 22. Bb4 Nb3 23. Qd3 a5 24. e5 axb4 25. exf6 Bf5 26. Qb5 bxa3 27. fxe7 Rxe7 28. g4 Qc5+ 29. Kg2 Qxb5 30. Bxb5 Bc2 0-1

[Event "*** Titled Tuesday Blitz"]
[Site "Chess.com"]
[Date "2019.03.05"]
[Round "6"]
[White "PaulfromSPb"]
[Black "StephenDedalus83"]
[Result "1-0"]
[WhiteElo "2620"]
[BlackElo "2690"]
[TimeControl "180+2"]
[EndTime "14:23:26 PST"]
[Termination "PaulfromSPb won on time"]

1. d4 Nf6 2. Bf4 d6 3. e3 Nbd7 4. Nf3 Nh5 5. Bg5 h6 6. Bh4 g5 7. Nfd2 Ndf6 8. Bg3 Bg7 9. Be2 Nxg3 10. hxg3 c5 11. c3 b6 12. Bb5+ Kf8 13. Bc6 Rb8 14.
Qe2 Qc7 15. Bb5 d5 16. Nf3 Bg4 17. Nbd2 Ne4 18. Qd3 Nd6 19. Ba4 b5 20. Bd1 Bf5 21. Qf1 b4 22. Qe2 1-0

[Event "*** Titled Tuesday Blitz"]
[Site "Chess.com"]
[Date "2019.03.05"]
[Round "6"]
[White "davidarenas1224"]
[Black "Quiet_Desperation"]
[Result "1-0"]
[WhiteElo "2511"]
[BlackElo "2399"]
[TimeControl "180+2"]
[EndTime "14:23:27 PST"]
[Termination "davidarenas1224 won by resignation"]

1. e4 Nc6 2. Nf3 d6 3. d4 Nf6 4. d5 Ne5 5. Nxe5 dxe5 6. Bd3 g6 7. O-O Bg7 8. c4 O-O 9. Nc3 e6 10. Re1 exd5 11. cxd5 Nd7 12. Be3 f5 13. exf5 gxf5 14.
Qb3 Kh8 15. Rac1 f4 16. Bd2 Nc5 17. Qc4 Nxd3 18. Qxd3 f3 19. Nb5 Qh4 20. Nxc7 Bg4 21. Nxa8 fxg2 22. Qg3 Qh5 23. Re4 Bf3 24. Rh4 Qf5 25.
Nc7 e4 26. Ne6 Rg8 27. Nxg7 1-0

[Event "*** Titled Tuesday Blitz"]
[Site "Chess.com"]
[Date "2019.03.05"]
[Round "6"]
[White "diskeleven"]
[Black "Alopekos"]
[Result "0-1"]
[WhiteElo "2285"]
[BlackElo "2441"]
[TimeControl "180+2"]
[EndTime "14:23:27 PST"]
[Termination "Alopekos won by resignation"]

1. d4 Nf6 2. c4 e6 3. Nc3 d5 4. Bg5 dxc4 5. e3 c5 6. Bxc4 cxd4 7. Nf3 dxc3 8. Qb3 cxb2 9. Qxb2 Qa5+ 10. Ke2 Ne4 11. Bb5+ Bd7 12. Bxd7+ Nxd7 13. Qxb7 Nc3+ 14.
Kf1 Rb8 15. Qc6 Qb5+ 16. Qxb5 Rxb5 17. Rc1 f6 18. Rxc3 Rb1+ 19. Ke2 Rxh1 20. Rc8+ Kf7 21. Bf4 e5 22. Bg3 e4 23. Nd4 Bb4 0-1